 Dungeon Crawl Stone Soup version 0.27.1 (webtiles) character file.

Game seed: 15732387408663973005

5123 H0rd4k the Summoner (level 10, -2/67 HPs)
             Began as a Barachi Summoner on Sept 1, 2021.
             Was an Initiate of Qazlal.
             Slain by a vampire mosquito (10 damage)
             ... on level 11 of the Dungeon.
             The game lasted 00:26:45 (14945 turns).

H0rd4k the Summoner (Barachi Summoner)             Turns: 14945, Time: 00:26:46

Health: -2/67      AC:  5    Str:  9    XL:     10   Next: 58%
Magic:  16/24      EV: 13    Int: 25    God:    Qazlal [......]
Gold:   525        SH:  0    Dex: 13    Spells: 22/30 levels left

rFire    . . .     SeeInvis .   k - +2 short sword (venom)
rCold    . . .     Faith    .   (no shield)
rNeg     . . .     Spirit   .   a - +0 robe
rPois    .         Reflect  .   B - +2 helmet
rElec    .         Harm     .   (no cloak)
rCorr    .         Rampage  .   (no gloves)
Will     .....                  (no boots)
Stlth    ++........             (no amulet)
HPRegen  0.21/turn              f - ring of wizardry
MPRegen  0.19/turn              P - +6 ring of intelligence

@: unable to hop, slow
A: amphibious, slowness 1, strong legs 1, +LOS
a: Hop, Renounce Religion


You were on level 11 of the Dungeon.
You worshipped Qazlal.
Qazlal was noncommittal.
You visited 2 branches of the dungeon, and saw 12 of its levels.
You also visited: Ossuary.

You collected 525 gold pieces.

Inventory:

Hand Weapons
 j - a +4 vampiric short sword
 k - a +2 short sword of venom (weapon)
 L - a +1 halberd of flaming
Missiles
 O - a throwing net
Armour
 a - a +0 robe (worn)
 B - a +2 helmet (worn)
Magical Staves
 e - a staff of earth
Jewellery
 f - a ring of wizardry (left hand)
 g - a ring of flight
 P - a +6 ring of intelligence (right hand)
Wands
 m - a wand of flame (13)
 C - a wand of acid (14)
 K - a wand of paralysis (4)
Scrolls
 b - 7 scrolls of identify
 d - 6 scrolls of noise {unknown}
 i - a scroll of holy word {unknown}
 n - 2 scrolls of teleportation {unknown}
 o - a scroll of silence {unknown}
 p - 2 scrolls of summoning {unknown}
 q - a scroll of torment {unknown}
 r - 3 scrolls of vulnerability {unknown}
 s - 3 scrolls of fear {unknown}
 v - 2 scrolls of amnesia {unknown}
 x - 3 scrolls of enchant armour {unknown}
 y - a scroll of fog {unknown}
 E - 2 scrolls of enchant weapon {unknown}
 I - a scroll of magic mapping {unknown}
 N - a scroll of acquirement {unknown}
Potions
 c - 2 potions of cancellation {unknown}
 h - 4 potions of attraction
 l - 3 potions of heal wounds
 t - 6 potions of curing {unknown}
 u - 3 potions of brilliance {unknown}
 w - a potion of resistance {unknown}
 z - 3 potions of haste {unknown}
 A - 2 potions of might {unknown}
 D - 4 potions of lignification {unknown}
 F - 6 potions of flight {unknown}
 G - a potion of invisibility {unknown}
 H - 3 potions of degeneration {unknown}
 J - a potion of mutation {unknown}
 M - 2 potions of magic {unknown}


   Skills:
 + Level 1.7 Fighting
 + Level 0.3 Short Blades
 + Level 3.5 Dodging
 - Level 1.7 Stealth
 + Level 10.5 Spellcasting
 + Level 12.2 Summonings
 + Level 5.2 Air Magic
 + Level 0.5 Evocations


You had 22 spell levels left.
You knew the following spells:

 Your Spells              Type           Power      Damage    Failure   Level
a - Summon Small Mammal   Summ           100%       N/A       1%          1
b - Call Canine Familiar  Summ           65%        N/A       1%          3
c - Summon Lightning Spi  Summ/Air       54%        N/A       1%          4

Your spell library contained the following spells:

 Spells                   Type           Power      Damage    Failure   Level
 Sandblast                Erth           26%        2d8       1%          1
 Call Imp                 Summ           65%        N/A       1%          2
 Summon Guardian Golem    Hex/Summ       43%        N/A       1%          3
 Swiftness                Air            39%        N/A       1%          3
 Passwall                 Tmut/Erth      10%        N/A       2%          2
 Slow                     Hex            13%        N/A       2%          2
 Confusing Touch          Hex            13%        N/A       6%          3
 Lee's Rapid Deconstruct  Erth           6%         3d7*      45%         5
 Yara's Violent Unravell  Hex/Tmut       6%         3d5       45%         5
 Invisibility             Hex            6%         N/A       94%         6


Dungeon Overview and Level Annotations

Branches:
Dungeon (11/15)            Temple (1/1) D:7            Lair (0/6) D:8
Ossuary (visited)
    Orc: D:9-12

Altars:
Ashenzari
Cheibriados
Dithmenos
Elyvilon
Fedhas
Gozag
Hepliaklqana
Kikubaaqudgha
Makhleb
Nemelex Xobeh
Okawaru
Qazlal
Ru
Sif Muna
Trog
Uskayaw
Vehumet
Wu Jian
Xom
Yredelemnul
Zin
The Shining One
Lugonu

Shops:
D:2 !   D:4 **   D:10 *(=:

Annotations:
D:8 3 runed translucent doors, exclusion: 3 doors, MacCMillion's ghost, novice MfGl


Innate Abilities, Weirdness & Mutations

You are amphibious.
You cover ground slowly.
You can hop short distances.
You have an extended range of vision and can be seen from far away.


Message History

Casting: Summon Lightning Spire (dangerous; 1% risk of failure)
Confirm with . or Enter, or press ? or * to list all spells.
The vampire mosquito bites you!
The vampire mosquito draws strength from your injuries!
The vampire mosquito barely misses you. The vampire mosquito bites you.
The vampire mosquito draws strength from your injuries!
The vampire mosquito barely misses you.
You hit the vampire mosquito.
The vampire mosquito is almost destroyed.
The vampire mosquito bites you!
The vampire mosquito draws strength from your injuries!
The vampire mosquito misses you.
The vampire mosquito bites you but does no damage.
Your warg barely misses the vampire mosquito.
The vampire mosquito bites you.
The vampire mosquito draws strength from your injuries!
Okay, then.
Unknown command.
Okay, then.
As you read the scroll labelled RETAMM YSUA, it crumbles to dust.
It is a scroll of identify.
h - 4 potions of attraction The vampire mosquito barely misses you.
The vampire mosquito bites you but does no damage.
Your warg misses the vampire mosquito.
The vampire mosquito bites you but does no damage.
The vampire mosquito bites you!
The vampire mosquito draws strength from your injuries!
Casting: Call Canine Familiar (safe; 1% risk of failure)
Confirm with . or Enter, or press ? or * to list all spells.
An electric hum fills the air.
The vampire mosquito bites you!
* * * LOW HITPOINT WARNING * * *
The vampire mosquito draws strength from your injuries!
The vampire mosquito closely misses you.
Your warg closely misses the vampire mosquito.
The vampire mosquito bites you!
* * * LOW HITPOINT WARNING * * *
The vampire mosquito draws strength from your injuries!
The vampire mosquito bites you!
You die...

...........#.# ........#
........h..#.# ........#
##.........#.#
.......y.##
...........+.+
..........
##.........#.#..........
#.......h.#.#.........
#########<...........#
...........########.#
##########.#8y@y....#
######'#h######.#
#......>...# .#
#..........# .#
.............# .#
..#..........# .# .
####+#+#+### .# .# ..


You could see 2 vampire mosquitoes, a friendly warg (summoned) and a friendly
lightning spire (summoned).

Vanquished Creatures
  Grum (D:11)
  A wyvern (D:10)
  2 centaurs
  A bullfrog zombie (D:5)
  Ijyb (D:4)
  A killer bee zombie (D:7)
  A shadow imp (D:6)
  An orc (D:7)
  A bat (D:2)
  A hobgoblin (D:2)
  A kobold (D:4)
  A rat zombie (Ossuary)
13 creatures vanquished.

Vanquished Creatures (collateral kills)
  A two-headed ogre (D:10)
  Pikel (D:7)
  A hornet (D:7)
  2 trolls (D:10)
  A spriggan (D:8)
  A wraith (D:9)
  2 shadows
  Eustachio (D:4)
  2 humans
  2 wyverns
  12 yaks
  A basilisk (D:11)
  A vampire mosquito (D:11)
  3 hogs (D:9)
  Menkaure (D:4)
  A water moccasin (D:5)
  Duvessa (D:4)
  3 orc warriors (D:8)
  3 black bears
  A necrophage (D:7)
  2 ogres (D:5)
  3 wolves (D:11)
  A centaur (D:10)
  A lemure (D:7)
  An elf zombie (Ossuary)
  3 bullfrogs
  4 scorpions
  Dowan (D:4)
  A wyvern skeleton (D:5)
  A water moccasin skeleton (D:4)
  8 wights
  2 howler monkeys
  3 bullfrog zombies
  6 centaur zombies
  3 hounds
  2 jellies
  A gnoll shaman (D:8)
  A bullfrog skeleton (D:5)
  3 human zombies (Ossuary)
  2 orc priests (D:8)
  Crazy Yiuf (D:2)
  2 iguanas (D:5)
  6 orc wizards
  A killer bee zombie (D:6)
  An ogre zombie (Ossuary)
  A hound skeleton (D:5)
  7 mummies (Ossuary)
  3 howler monkey zombies
  7 gnolls
  5 adders
  2 shadow imps
  An ufetubus (D:4)
  2 adder zombies (Ossuary)
  2 adder skeletons (D:4)
  A dart slug (D:1)
  3 worms
  26 orcs
  5 bats
  2 endoplasms
  2 giant cockroaches
  6 hobgoblins
  2 jackals (D:4)
  7 kobolds
  2 quokkas
  3 training dummies (D:10)
  7 ball pythons
  2 frilled lizards (D:2)
  A gnoll zombie (Ossuary)
  8 goblins
  3 goblin zombies (Ossuary)
  5 hobgoblin zombies
  A jackal skeleton (D:4)
  A kobold skeleton (D:4)
  3 kobold zombies (Ossuary)
  An orc zombie (Ossuary)
  A quokka zombie (Ossuary)
  3 rats
  3 rat zombies (Ossuary)
229 creatures vanquished.

Vanquished Creatures (others)
  4 fungi (D:9)
  18 plants (D:3)
  2 toadstools (D:9)
24 creatures vanquished.

Grand Total: 266 creatures vanquished

Notes
Turn   | Place    | Note
-------+----------+-------------------------------------------
     0 | D:1      | H0rd4k the Barachi Summoner began the quest for the Orb.
     0 | D:1      | Reached XP level 1. HP: 13/13 MP: 3/3
   109 | D:1      | Reached skill level 5 in Summonings
   199 | D:1      | Reached XP level 2. HP: 5/19 MP: 0/5
   707 | D:1      | Found a faded altar of an unknown god.
  1135 | D:2      | Found Vuchuh's Distillery.
  1798 | D:2      | Reached XP level 3. HP: 24/24 MP: 4/7
  1818 | D:2      | Learned a level 3 spell: Call Canine Familiar
  1864 | D:2      | Noticed a scorpion
  2409 | D:2      | Found a runed translucent door.
  2410 | D:2      | Noticed Crazy Yiuf
  2584 | D:3      | HP: 1/24 [adder (2)]
  2787 | D:3      | Noticed a black bear
  2822 | D:3      | Killed a black bear
  2823 | D:3      | Reached skill level 6 in Summonings
  2823 | D:3      | Reached XP level 4. HP: 30/30 MP: 3/9
  3718 | D:4      | Reached XP level 5. HP: 32/35 MP: 2/10
  3922 | D:4      | Noticed Eustachio
  4021 | D:4      | Found a runed translucent door.
  4021 | D:4      | Noticed a human
  4121 | D:4      | Found Uxecoat's Specific Store.
  4122 | D:4      | Found Zuvad's General Store.
  4140 | D:4      | Noticed Menkaure
  4162 | D:4      | Killed Menkaure
  4163 | D:4      | Reached XP level 6. HP: 13/41 MP: 6/12
  4494 | D:4      | Noticed Ijyb
  4530 | D:4      | Killed Ijyb
  4692 | D:4      | Found a basalt altar of Yredelemnul.
  4972 | D:4      | Found a sacrificial altar of Ru.
  5001 | D:5      | Entered Level 5 of the Dungeon
  5083 | D:5      | Reached skill level 7 in Summonings
  5227 | D:5      | Reached skill level 5 in Spellcasting
  5591 | D:5      | Noticed a water moccasin
  5602 | D:5      | Killed a water moccasin
  5770 | D:5      | Reached XP level 7. HP: 46/46 MP: 8/15
  6635 | D:5      | Reached skill level 8 in Summonings
  6806 | D:6      | Learned a level 4 spell: Summon Lightning Spire
  6925 | D:6      | Found an ancient bone altar of Kikubaaqudgha.
  7125 | D:6      | Reached skill level 1 in Air Magic
  8182 | D:7      | Reached XP level 8. HP: 48/52 MP: 12/17
  8349 | D:7      | Noticed Pikel
  8396 | D:7      | Killed Pikel
  8478 | D:7      | Found a glowing silver altar of Zin.
  8502 | D:7      | Noticed a hornet
  8511 | D:7      | Killed a hornet
  8512 | D:7      | Reached skill level 9 in Summonings
  8567 | D:7      | Found a blossoming altar of Fedhas.
  8573 | D:7      | Found a shimmering altar of Xom.
  8577 | D:7      | Found a bloodstained altar of Trog.
  8641 | D:7      | Found a staircase to the Ecumenical Temple.
  8650 | Temple   | Entered the Ecumenical Temple
  9165 | D:4      | Noticed Duvessa
  9165 | D:4      | Noticed Dowan
  9178 | D:4      | Killed Duvessa
  9185 | D:4      | Killed Eustachio
  9261 | D:4      | Killed Dowan
  9417 | D:2      | Killed Crazy Yiuf
  9713 | D:8      | Found a staircase to the Lair.
  9747 | D:8      | Reached XP level 9. HP: 57/57 MP: 11/20
  9767 | D:8      | Found a sand-covered staircase.
  9793 | Ossuary  | Entered an ossuary
 10186 | Ossuary  | Reached skill level 10 in Summonings
 10896 | D:8      | Found a runed translucent gate.
 10897 | D:8      | Found a runed translucent gate.
 10923 | D:8      | Found a runed translucent gate.
 10925 | D:8      | Found an opulent altar of Gozag.
 10926 | D:8      | Noticed a skeletal warrior
 10927 | D:8      | Noticed MacCMillion's ghost (novice MfGl)
 10982 | D:8      | Found a hazy altar of Hepliaklqana.
 11057 | D:8      | Found a faded altar of an unknown god.
 11717 | D:9      | Found a shadowy altar of Dithmenos.
 12526 | D:9      | Reached skill level 11 in Summonings
 12813 | D:10     | Entered Level 10 of the Dungeon
 12836 | D:10     | Noticed a troll
 12855 | D:10     | Killed a troll
 12903 | D:10     | Reached XP level 10. HP: 49/64 MP: 4/23
 13192 | D:10     | Found Qeid Osu's Book Emporium.
 13265 | D:10     | Reached skill level 1 in Fighting
 13282 | D:10     | Noticed a two-headed ogre
 13293 | D:10     | Killed a two-headed ogre
 13408 | D:10     | Found Dosur's Firing Range.
 13455 | D:10     | Reached skill level 10 in Spellcasting
 13732 | D:10     | Found a stormy altar of Qazlal.
 13734 | D:10     | Found an ornate altar of the Wu Jian Council.
 13741 | D:10     | Became a worshipper of Qazlal Stormbringer
 13874 | D:10     | Found Muecs's General Store.
 14192 | D:10     | Found Emiqaiwo's Jewellery Shoppe.
 14368 | D:11     | Reached skill level 12 in Summonings
 14387 | D:11     | Noticed Grum
 14413 | D:11     | Killed Grum
 14717 | D:11     | Reached skill level 5 in Air Magic
 14945 | D:11     | Slain by a vampire mosquito

Illustrated notes

Levels and vault maps discovered:
D:1:      lemuel_arrival_hallway, layout_basic,
          shapermc_ecumenical_altar_mp_highgroup, minmay_misc_feat_chi
D:2:      layout_basic, serial_shops, shop, uniq_crazy_yiuf_cottage
D:3:      layout_basic, serial_bayou, serial_bayou_pond_d,
          serial_bayou_lagoon_a, serial_bayou_lake_a, serial_bayou_shore_a
D:4:      layout_rooms, dk_yredelemnul_ordeal, mainiacjoe_overflow_alcove_2,
          nicolae_specific_store, minmay_misc_feat_cross, kennysheep_donut,
          uniq_duvessa, uniq_menkaure, uniq_eustachio, uniq_ijyb
D:5:      layout_layer_cave, chequers_serial_rivers_micro_d,
          grunt_ministairs_15, minmay_puff
D:6:      layout_loops_cross, old_standard_altar, dk_rats_in_the_wall
D:7:      layout_loops_ring, kennysheep_mini, minmay_overflow_temple_star_quad,
          minmay_temple_entry_fiery, uniq_pikel
D:8:      layout_rooms, beargit_hepliaklqana_dungeon_heroes, lair_entry_dummy,
          enter_ossuary_3, ebering_ghost_gozag
D:9:      layout_stronghold, nicolae_dithmenos_through_a_glass_darkly,
          minmay_gold_behind_fungi, grunt_livestock, kennysheep_generic_room_14
D:10:     layout_basic, chequers_temple_overflow_statue_of_worship,
          serial_shops, shop, nicolae_stop_n_shop_1, nicolae_stop_n_shop_2,
          nicolae_shop_firing_range
D:11:     layout_basic, orc_0_dummy, nicolae_wu_jian_immortal_techniques,
          uniq_maurice, uniq_nergalle, uniq_grum
Temple:   kb_corrupted_temple

Skill      XL: |  1  2  3  4  5  6  7  8  9 10 |
---------------+-------------------------------+-----
Summonings     | 5 6 7 8 9 11 12 | 12.2
Spellcasting   | 3 4 5 6 7 9 10 | 10.5
Air Magic      | 1 2 4 5 |  5.2
Dodging        | 3 |  3.5
Fighting       | 1 |  1.7
Short Blades   | |  0.3
Stealth        | |  1.7
Evocations     | |  0.5

Action                   |  1- 3 |  4- 6 |  7- 9 | 10-12 || total
-------------------------+-------+-------+-------+-------++-------
Melee: Unarmed           |    22 |       |       |       ||    22
       Staff             |     1 |     4 |       |       ||     5
       Short sword       |       |    22 |    35 |     4 ||    61
 Cast: Summon Small Mamm |   109 |   108 |    89 |     6 ||   312
       Call Canine Famil |     3 |    18 |    61 |    15 ||    97
       Summon Lightning  |       |       |    51 |    25 ||    76
 Abil: Hop               |       |       |     1 |     3 ||     4
Evoke: Wand              |       |       |     2 |     1 ||     3
  Use: Potion            |     1 |       |       |       ||     1
       Scroll            |       |       |       |     1 ||     1
Armor: Robe              |    20 |     9 |    38 |     9 ||    76
Dodge: Dodged            |    45 |    40 |   106 |    15 ||   206
